[Event "3rd FIDE WCCC Rapid U08 2019"]
[Site "Minsk"]
[Date "2019.08.17"]
[Round "9.1"]
[White "Yeganegi, Barad"]
[Black "Bayramli, Rafael"]
[Result "1/2-1/2"]
[ECO "D85"]
[WhiteElo "1612"]
[BlackElo "1514"]
[Annotator "NA"]
[PlyCount "204"]
[EventDate "2019.08.16"]
[EventType "swiss"]
[EventCountry "BLR"]
[SourceTitle "playchess.com"]
[Source "ChessBase"]
[SourceQuality "1"]
[TimeControl "600+5"]

1. d4 Nf6 2. c4 g6 3. Nc3 d5 4. cxd5 Nxd5 5. e4 Nxc3 6. bxc3 Bg7 7. Be3 c5 8. Bc4 Nc6 9. Ne2 cxd4 10. cxd4 b5 11. Bd5 Bd7 12. O-O O-O 13. Rc1 Rc8 14. Qd2 e6 15. Bb3 Qe7 16. Bg5 Qd6 17. Be3 Qb4 18. Qd3 a6 19. Rfd1 Rfd8 20. Bg5 Re8 21. Bf4 Na5 22. Bd2 Qa3 23. Bxa5 Qxa5 24. d5 Rxc1 25. Rxc1 Rc8 26. Rd1 exd5 27. Bxd5 Rd8 28. Qb3 Be6 29. Nf4 Bxd5 30. Nxd5 Kh8 31. Rf1 h5 32. Ne7 Rf8 33. Nd5 Re8 34. f3 Rc8 35. Kh1 Qa4 36. Qb1 Qc2 37. Qb3 Qc4 38. Rd1 Qe2 39. Nf4 Qc4 40. Qa3 b4 41. Qa4 Kh7 42. h3 Qc2 43. Qb3 Qxb3 44. axb3 Rc3 45. Rb1 a5 46. Nd5 Rd3 47. Kg1 f5 48. Kf2 fxe4 49. fxe4 Bd4+ 50. Ke2 Rg3 51. Kf1 Kg7 52. Rd1 Bb2 53. Re1 Rxb3 54. e5 Bxe5 55. Rxe5 a4 56. Re7+ Kf8 57. Ra7 a3 58. Nxb4 Rxb4 59. Rxa3 Kf7 60. Kf2 Kf6 61. Kf3 Rb6 62. Kg3 g5 63. Kf3 Rb5 64. Ra6+ Kf5 65. g4+ hxg4+ 66. hxg4+ Ke5 67. Ra3 Rd5 68. Re3+ Kf6 69. Rc3 Ke5 70. Ke3 Ra5 71. Rb3 Ra4 72. Kf3 Rf4+ 73. Kg3 Rd4 74. Re3+ Re4 75. Rc3 Rd4 76. Rc5+ Rd5 77. Rc3 Kd4 78. Rf3 Ke4 79. Ra3 Rd3+ 80. Rxd3 Kxd3 81. Kf3 Kd4 82. Kf2 Kd3 83. Kf3 Kd4 84. Kf2 Ke4 85. Kg3 Ke3 86. Kh3 Kf3 87. Kh2 Kxg4 88. Kg2 Kh4 89. Kh2 Kg4 90. Kg2 Kf4 91. Kf2 g4 92. Kg2 g3 93. Kg1 Ke3 94. Kg2 Kf4 95. Kg1 Kg4 96. Kg2 Kh4 97. Kg1 Kh3 98. Kh1 Kg4 99. Kg2 Kf4 100. Kg1 Kf3 101. Kf1 g2+ 102. Kg1 Kg3 1/2-1/2

[Event "3rd FIDE WCCC Rapid U08 2019"]
[Site "Minsk"]
[Date "2019.08.17"]
[Round "9.2"]
[White "Gulenko, Zakhar"]
[Black "Bouska, Jiri"]
[Result "0-1"]
[ECO "A48"]
[WhiteElo "1496"]
[BlackElo "1505"]
[Annotator "NA"]
[PlyCount "110"]
[EventDate "2019.08.16"]
[EventType "swiss"]
[EventCountry "BLR"]
[SourceTitle "playchess.com"]
[Source "ChessBase"]
[SourceQuality "1"]
[TimeControl "600+5"]

1. d4 Nf6 2. Bf4 g6 3. Nf3 Bg7 4. e3 d6 5. Nbd2 O-O 6. h3 Re8 7. Bd3 Nbd7 8. Bg5 h6 9. Bxf6 Nxf6 10. O-O e5 11. dxe5 dxe5 12. e4 b6 13. Nc4 Bb7 14. Re1 Nd7 15. Qe2 Nc5 16. Rad1 Qe7 17. Nfd2 Rad8 18. Nb3 Nxd3 19. cxd3 c5 20. Ne3 Qe6 21. Kh2 f5 22. exf5 gxf5 23. Qh5 Rf8 24. Nc4 Qc6 25. f3 Qc7 26. Qg6 e4+ 27. Qg3 f4 28. Qg4 b5 29. Nca5 Bc8 30. Qg6 exf3 31. gxf3 Qd7 32. Qh5 Rf5 33. Qg4 Qc7 34. Rg1 Rg5 35. Qh4 Qd7 36. Nxc5 Rxc5 37. Rg2 Kh7 38. Rdg1 Bh8 39. b4 Rd5 40. Nb3 Bf6 41. Qg4 Qe8 42. Qg6+ Qxg6 43. Rxg6 Bh4 44. Rg7+ Kh8 45. R7g6 Bg3+ 46. Kh1 Kh7 47. Ra6 Bxa6 48. Nc5 Bf2 49. Nxa6 Bxg1 50. Kxg1 Rxd3 51. Nc7 Rxf3 52. Ne6 Rg3+ 53. Kf2 Rd2+ 54. Ke1 Rxa2 55. Nxf4 Rg1# 0-1

[Event "3rd FIDE WCCC Rapid U08 2019"]
[Site "Minsk"]
[Date "2019.08.17"]
[Round "9.3"]
[White "Nguyen, Nghia Gia Binh"]
[Black "Saulin, Grigoriy"]
[Result "1-0"]
[ECO "A56"]
[WhiteElo "1350"]
[BlackElo "1117"]
[Annotator "NA"]
[PlyCount "75"]
[EventDate "2019.08.16"]
[EventType "swiss"]
[EventCountry "BLR"]
[SourceTitle "playchess.com"]
[Source "ChessBase"]
[SourceQuality "1"]
[TimeControl "600+5"]

1. d4 Nf6 2. c4 c5 3. d5 e5 4. Nc3 d6 5. e4 Nbd7 6. Nf3 Be7 7. Be3 O-O 8. h3 a6 9. Bd3 h6 10. O-O Nh7 11. Qd2 Re8 12. Ne2 Ndf8 13. Ng3 Ng6 14. Nh5 Ng5 15. Nxg5 Bxg5 16. Bxg5 hxg5 17. Rad1 Nf4 18. Nxf4 gxf4 19. Qe2 Bd7 20. Qh5 b5 21. b3 b4 22. Be2 a5 23. Bg4 Bxg4 24. Qxg4 a4 25. Kh2 axb3 26. axb3 Ra3 27. Rd3 Qf6 28. Rf3 Qh6 29. g3 Rea8 30. gxf4 exf4 31. Rg1 Re8 32. Qf5 Re5 33. Qg4 Rxe4 34. Qc8+ Kh7 35. Qf5+ Kh8 36. Qxe4 Qh5 37. Rxf4 Rxb3 38. Rh4 1-0

[Event "3rd FIDE WCCC Rapid U08 2019"]
[Site "Minsk"]
[Date "2019.08.17"]
[Round "9.4"]
[White "Belinskiy, Nikita"]
[Black "Usov, Dmitry E."]
[Result "1-0"]
[ECO "A06"]
[WhiteElo "1290"]
[BlackElo "1331"]
[Annotator "NA"]
[PlyCount "135"]
[EventDate "2019.08.16"]
[EventType "swiss"]
[EventCountry "BLR"]
[SourceTitle "playchess.com"]
[Source "ChessBase"]
[SourceQuality "1"]
[TimeControl "600+5"]

1. Nf3 d5 2. g3 Nf6 3. Bg2 c6 4. O-O Bf5 5. d3 e6 6. Nbd2 Be7 7. b3 Nbd7 8. Bb2 Qc7 9. Re1 O-O 10. e4 dxe4 11. dxe4 Bg6 12. Nh4 Bc5 13. Nxg6 fxg6 14. Rf1 Rf7 15. Kh1 Raf8 16. f4 Ne8 17. Nf3 h6 18. e5 Bb6 19. Bd4 c5 20. Bb2 Nb8 21. Qd3 Nc6 22. Qxg6 Re7 23. c3 Qc8 24. Qc2 Nc7 25. Nh4 Ree8 26. Rad1 Rd8 27. Ng6 Rfe8 28. Rxd8 Qxd8 29. Rd1 Qc8 30. Nh4 Rd8 31. Rd2 Rxd2 32. Qxd2 Ne7 33. c4 Nc6 34. Bxc6 bxc6 35. Ng6 Qe8 36. Nh4 Na6 37. Bc3 Qd8 38. Qxd8+ Bxd8 39. Nf3 Nb8 40. Nd2 Nd7 41. Ne4 Bb6 42. g4 Kf7 43. Kg2 Nf8 44. Kg3 Ng6 45. h4 Ne7 46. Nd6+ Kf8 47. f5 exf5 48. gxf5 Bc7 49. Kf4 g6 50. f6 Ng8 51. Ne4 Kf7 52. Be1 Bb8 53. Bf2 Ke6 54. Nxc5+ Kf7 55. Ke4 Bc7 56. Nd7 Ke6 57. Nc5+ Kf7 58. Na4 h5 59. Bxa7 Nh6 60. Nc5 Nf5 61. Nd3 Nxh4 62. Bf2 Nf5 63. b4 Ke6 64. a4 Nh6 65. Nf4+ Kf7 66. b5 cxb5 67. axb5 Ng4 68. Bg1 1-0

[Event "3rd FIDE WCCC Rapid U08 2019"]
[Site "Minsk"]
[Date "2019.08.17"]
[Round "9.5"]
[White "Samimi, Armin"]
[Black "Velagapudi, Vihan"]
[Result "1-0"]
[ECO "C55"]
[WhiteElo "1478"]
[BlackElo "1337"]
[Annotator "NA"]
[PlyCount "43"]
[EventDate "2019.08.16"]
[EventType "swiss"]
[EventCountry "BLR"]
[SourceTitle "playchess.com"]
[Source "ChessBase"]
[SourceQuality "1"]
[TimeControl "600+5"]

1. e4 e5 2. Nf3 Nc6 3. Bc4 Nf6 4. d4 exd4 5. e5 d5 6. Bb5 Ne4 7. Nxd4 Bd7 8. Bxc6 Bxc6 9. O-O Bc5 10. f3 Ng5 11. Be3 Ne6 12. f4 Nxd4 13. Bxd4 Bb6 14. f5 Bb5 15. Re1 c5 16. Bf2 O-O 17. Nc3 Bc6 18. f6 Qd7 19. Qh5 Qe6 20. Qg5 g6 21. Qh6 d4 22. Qg7# 1-0

[Event "3rd FIDE WCCC Rapid U08 2019"]
[Site "Minsk"]
[Date "2019.08.17"]
[Round "9.6"]
[White "Preobrazhenskaya, Diana"]
[Black "Nikishin, Igor"]
[Result "1-0"]
[ECO "B34"]
[WhiteElo "1361"]
[BlackElo "1139"]
[Annotator "NA"]
[PlyCount "125"]
[EventDate "2019.08.16"]
[EventType "swiss"]
[EventCountry "BLR"]
[SourceTitle "playchess.com"]
[Source "ChessBase"]
[SourceQuality "1"]
[TimeControl "600+5"]

1. e4 c5 2. Nf3 Nc6 3. d4 cxd4 4. Nxd4 Nf6 5. Nc3 e5 6. Ndb5 d6 7. Nd5 Nxd5 8. exd5 Nb8 9. Bd3 Be7 10. O-O O-O 11. f4 f5 12. fxe5 dxe5 13. d6 Bg5 14. Bc4+ Kh8 15. Nc7 Bxc1 16. Rxc1 Rf6 17. Nxa8 Rxd6 18. Qe2 Nc6 19. Rcd1 Nd4 20. Qe3 Nxc2 21. Rxd6 Qxd6 22. Qg5 Qd4+ 23. Kh1 Qxc4 24. Qd8+ Qg8 25. Qxg8+ Kxg8 26. Rc1 Be6 27. Rxc2 Bxa2 28. Rc8+ Kf7 29. Rc7+ Ke6 30. Rxg7 e4 31. Kg1 e3 32. Kf1 Bc4+ 33. Ke1 e2 34. Rxb7 Kd5 35. Nc7+ Kc6 36. Rxa7 Kb6 37. Ra4 Bd3 38. Nd5+ Kb5 39. Nc3+ Kc5 40. Kd2 Kd6 41. Rd4+ Kc5 42. Rxd3 e1=Q+ 43. Kxe1 Kc4 44. Rf3 h5 45. Rxf5 h4 46. g4 hxg3 47. hxg3 Kb3 48. g4 Kxb2 49. g5 Kxc3 50. g6 Kd4 51. g7 Ke4 52. Rf8 Ke5 53. g8=Q Ke4 54. Qe6+ Kd4 55. Rd8+ Kc5 56. Qc8+ Kb6 57. Rd6+ Kb5 58. Qc6+ Kb4 59. Rd4+ Kb3 60. Qc4+ Kb2 61. Rd2+ Kb1 62. Qa2+ Kc1 63. Qa1# 1-0